 Dungeon Crawl Stone Soup version 0.17.1-1-g73c8601 (webtiles) character file.

93 zercules the Conjurer (level 4, 0/36 HPs)
             Began as a Naga Conjurer on Feb 21, 2016.
             Slain by a goblin (2 damage)
             ... led by Robin
             ... on level 2 of the Dungeon.
             The game lasted 00:10:34 (2076 turns).

zercules the Conjurer (Naga Conjurer)               Turns: 2076, Time: 00:10:35

Health: 0/36       AC:  4    Str: 11    XL:     4   Next: 62%
Magic:  4/9        EV: 10    Int: 16    God:
Gold:   137        SH:  0    Dex: 11    Spells: 3 memorised, 3 levels left

rFire  . . .     SeeInvis +     h - +1 short sword
rCold  . . .     Clarity  .     a - +0 robe
rNeg   . . .     SustAt   .     (no shield)
rPois  +         Gourm    .     (no helmet)
rElec  .         Spirit   .     s - +0 cloak
rCorr  .         Warding  .     g - +0 pair of gloves
rMut   .         Stasis   .     (no barding)
MR     .....                    (no amulet)
Stlth  ++........               (no ring)
                                (no ring)

@: very slow, not resistant to hostile enchantments, unstealthy
A: see invisible, deformed body, poison resistance, slowness 2, slow metabolism
1, spit poison 2, AC +1
a: Spit Poison


You were on level 2 of the Dungeon.
You were not hungry.

You visited 1 branch of the dungeon, and saw 4 of its levels.

You collected 137 gold pieces.

Inventory:

Hand Weapons
 h - a +1 short sword (weapon)
 r - a +0 rapier
Missiles
 t - a throwing net (quivered)
Armour
 a - a +0 robe (worn)
 g - a +0 pair of gloves (worn)
 o - a +0 leather armour of magic resistance
 s - a +0 cloak (worn)
Scrolls
 i - 4 scrolls of identify
 k - a scroll of immolation
 l - a scroll of remove curse {unknown}
 m - a scroll of fog {unknown}
Potions
 d - a potion of magic {unknown}
 f - a potion of ambrosia {unknown}
 j - a potion of heal wounds {unknown}
 n - a potion of flight {unknown}
 p - a potion of haste {unknown}
Books
 b - a book of Conjurations

   Spells                             Type                      Level
   a - Magic Dart                     Conjuration                  1
   b - Searing Ray                    Conjuration                  2
   c - Dazzling Spray                 Conjuration/Hexes            3
   d - Fulminant Prism                Conjuration/Hexes            4
   e - Iskenderun's Mystic Blast      Conjuration                  4
   f - Iskenderun's Battlesphere      Conjuration/Charms           5
Comestibles
 c - 2 bread rations
 q - a meat ration


   Skills:
 - Level 1.5 Dodging
 - Level 3.0 Stealth
 + Level 3.3 Spellcasting
 + Level 5.0 Conjurations
 + Level 0.0 Hexes


You had 3 spell levels left.
You knew the following spells:

 Your Spells              Type           Power        Failure   Level  Hunger
a - Magic Dart            Conj           ###.         2%          1    None
b - Searing Ray           Conj           ###...       4%          2    ##.....
c - Dazzling Spray        Conj/Hex       ##......     21%         3    ###....


Dungeon Overview and Level Annotations

Branches:
Dungeon (4/15)
 Temple: D:4-7

Altars:
Nemelex Xobeh
Qazlal

Annotations:
D:3 Robin
D:4 glanitos's ghost, amateur DgFi


Innate Abilities, Weirdness & Mutations

You cannot wear boots.
Your serpentine skin is tough (AC +1).
You have supernaturally acute eyesight.
Armour fits poorly on your strangely shaped body.
Your system is resistant to poisons.
You cover ground very slowly.
You have a slow metabolism.
You can spit poison.


Message History

2 goblins and a hobgoblin come into view.
A goblin comes into view. It is wielding a club.
The goblin shouts!
Robin drinks a potion.
Robin suddenly seems more agile.
The goblin completely misses you.
A hobgoblin comes into view.
The goblin shouts!
The hobgoblin shouts!
The hobgoblin shouts!
You hear a shout!
The goblin shouts!
The hobgoblin moves out of view.
There is a stone staircase leading up here.
The goblin hits you with a club.
* * * LOW HITPOINT WARNING * * *
The goblin hits you but does no damage. The goblin completely misses you.
The goblin hits you but does no damage.
You climb upwards.
There is a stone staircase leading down here.
You closely miss the goblin. The goblin hits you.
* * * LOW HITPOINT WARNING * * *
The goblin barely misses you. The goblin hits you.
You die...

.#######.#.._..#.#.#.#.#.#.#.##
.........#.⌠.⌠....#...#...#...#
########.>.....#.#.#.#.#.#.#.##
#.##.###.#...#...#...#.# #.##.#
##.#.#.#.#.#.#.## #.##.#
#...##..####### #.##.#
#g.###..# ###### #.##.# #g##
#..# #..... #.##.# #@#
#..#####.#### #.##.# #g#
#..##.##.#### #....# ##g##
#..#.........
####.###..<###...#.#..####
#.##.#.#.##..##.##.####
#......................
#.##.#.#.##..##.##.###.
#.###...###...#.#..# #.
#.####†## #..#...#.# #.


You could see 4 goblins.

Vanquished Creatures
  4 gnolls (D:2)
  An adder (D:2)
  2 orcs
  A ball python (D:3)
  6 bats
  A giant cockroach (D:3)
  6 hobgoblins
  2 jackals (D:1)
  2 giant geckos
  2 giant newts
  4 goblins
  8 kobolds
  4 rats
43 creatures vanquished.

Notes
Turn   | Place    | Note
--------------------------------------------------------------
     0 | D:1      | zercules the Naga Conjurer began the quest for the Orb.
     0 | D:1      | Reached XP level 1. HP: 15/15 MP: 3/3
   283 | D:1      | Reached XP level 2. HP: 20/22 MP: 1/5
   401 | D:1      | Learned a level 2 spell: Searing Ray
  1033 | D:2      | Reached XP level 3. HP: 28/28 MP: 6/6
  1110 | D:2      | Found a faded altar to an unknown god.
  1194 | D:2      | Found a sparkling altar of Nemelex Xobeh.
  1429 | D:2      | Found a stormy altar of Qazlal.
  1453 | D:2      | Reached XP level 4. HP: 19/36 MP: 0/8
  1825 | D:2      | Learned a level 3 spell: Dazzling Spray
  1832 | D:2      | Reached skill level 5 in Conjurations
  2050 | D:4      | Noticed glanitos's ghost (amateur DgFi)
  2070 | D:3      | Noticed Robin
  2076 | D:2      | Slain by a goblin

Action                   |  1- 3 |  4- 6 || total
-------------------------+-------+-------++-------
Melee: Short sword       |     6 |     3 ||     9
Throw: Throwing net      |     1 |       ||     1
 Cast: Magic Dart        |    62 |    26 ||    88
       Searing Ray       |     1 |     1 ||     2
 Abil: Spit Poison       |     1 |     1 ||     2
  Use: Scroll            |     3 |     4 ||     7
  Eat: Chunk             |     2 |       ||     2
       Beef jerky        |       |     1 ||     1
